 Dungeon Crawl Stone Soup version 0.32-a0-876-gcfddb08e57 (webtiles) character file.

Game seed: 9622004814662994229

662 Griffin23 the Slasher (level 7, -2/61 HPs)
             Began as a Minotaur Fighter on Apr 1, 2024.
             Was an Initiate of Nemelex Xobeh.
             Slain by an ogre
             ... wielding a +0 giant spiked club
              (17 damage)
             ... on level 5 of the Dungeon.
             The game lasted 00:04:31 (3150 turns).

Griffin23 the Slasher (Minotaur Fighter)            Turns: 3150, Time: 00:04:31

Health: -2/61      AC: 10    Str: 23    XL:     7   Next: 30%
Magic:  6/6        EV:  7    Int:  5    God:    Nemelex Xobeh [......]
Gold:   268        SH:  4    Dex:  9    Spells: 6/6 levels left

rFire   . . .        a - +0 long sword
rCold   . . .        c - +0 buckler
rNeg    . . .        j - +0 chain mail
rPois   .            (helmet restricted)
rElec   .            (no cloak)
rCorr   .            (no gloves)
SInv    .            (no boots)
Will    .....        (no amulet) Stlth
                     (no ring)
HPRegen 0.30/turn    (no ring)
MPRegen 0.10/turn

%: no passive effects
@: no status effects
A: horns 2, retaliatory headbutt
a: Renounce Religion, Draw Escape, Draw Destruction, Draw Summoning


You were on level 5 of the Dungeon.
You worshipped Nemelex Xobeh.
Nemelex Xobeh was noncommittal.
You visited 2 branches of the dungeon, and saw 6 of its levels.

You collected 268 gold pieces.

Inventory:

Hand Weapons
 a - a +0 long sword (weapon)
Armour
 b - a +0 scale mail
 c - a +0 buckler (worn)
 j - a +0 chain mail (worn)
Jewellery
 m - a ring of ice
Wands
 r - a wand of warping (4)
 u - a wand of acid (10)
Scrolls
 e - 2 scrolls of poison {unknown}
 l - a scroll of vulnerability {unknown}
 n - 7 scrolls of identify {unknown}
 s - a scroll of amnesia {unknown}
Potions
 d - a potion of might
 f - a potion of berserk rage {unknown}
 g - a potion of enlightenment {unknown}
 h - a potion of haste {unknown}
 i - 2 potions of magic {unknown}
 k - 2 potions of curing
 o - a potion of lignification {unknown}
 p - a potion of heal wounds {unknown}
 q - a potion of cancellation {unknown}
 t - a potion of brilliance {unknown}


   Skills:
 + Level 5.6 Fighting
 * Level 6.4 Long Blades
 + Level 5.6 Armour
 + Level 5.5 Shields


You had 6 spell levels left.
You didn't know any spells.
Your spell library contained the following spells:

 Spells                   Type           Power      Damage    Failure   Level
 Blink                    Tloc           0%         N/A       99%         2
 Cigotuvi's Dreadful Rot  Necr/Alch/Air  0%         N/A       99%         2
 Lesser Beckoning         Tloc           0%         N/A       99%         2
 Momentum Strike          Conj/Tloc      0%         3d8       99%         2
 Dispel Undead            Necr           0%         3d6       100%        4
 Martyr's Knell           Necr/Summ      0%         N/A       100%        4


Dungeon Overview and Level Annotations

Branches:
Dungeon (5/15)             Temple (1/1) D:4

Altars:
Ashenzari
Dithmenos
Fedhas
Hepliaklqana
Kikubaaqudgha
Makhleb
Nemelex Xobeh
Qazlal
Trog
Uskayaw
Vehumet
Xom
Yredelemnul
Zin

Shops:
D:2 :   D:3 (   D:4 (


Innate Abilities, Weirdness & Mutations

You have a pair of horns on your head.
You reflexively headbutt those who attack you in melee.


Message History

You kill the ribbon worm!
You see here a ribbon worm corpse.
An iguana comes into view.
The iguana hisses angrily.
An ogre comes into view. It is wielding a +0 giant spiked club.
Aiming: Corrosive Bolt
Press: ? - help, Shift-Dir - straight line, f - ogre
Aim: an ogre, wielding a +0 giant spiked club (86% to hit)
The bolt of acid hits the phantom!
The phantom is severely damaged.
The bolt of acid hits the ogre!
The ogre is heavily wounded.
You barely miss the phantom.
The phantom is severely damaged.
The phantom hits you but does no damage.
You barely miss the phantom.
The phantom is severely damaged.
You block the phantom's attack.
You hit the phantom.
The phantom is almost destroyed.
The phantom hits you but does no damage.
The iguana bites you but does no damage.
You hit the phantom.
You destroy the phantom!
The ogre hits you with a +0 giant spiked club!
The iguana closely misses you. You furiously retaliate!
You headbutt the iguana! You hit the iguana but do no damage.
The iguana is severely wounded.
You block the iguana's attack.
The ogre hits you with a +0 giant spiked club!!
* * * LOW HITPOINT WARNING * * *
You hit the iguana but do no damage.
The iguana is severely wounded.
The iguana misses you.
Okay, then.
It was a potion of curing.
You feel better.
The ogre hits you with a +0 giant spiked club!
You die...
Your body disappears without a glow.

#...###..# # #...
#..# .##. #.....
#..###..... #.. ...
#....#...## # ..
....##........# .# .
#........####.##..#
##....†.#####.....#
##.....?.O.......##
#....).).@†.......
..........l.....$..#
###.............#.).
#....#...###.## .
#..#.###... ## .#.#.
##.## # .. #.#
...... . ..# ......
......#


You could see an ogre and an iguana.

Vanquished Creatures
  Menkaure (D:5)
  2 ogres
  A black bear (D:4)
  A phantom (D:5)
  A hound (D:5)
  An iguana (D:4)
  An orc wizard (D:3)
  6 adders
  2 dart slugs (D:3)
  5 ribbon worms
  10 orcs
  8 ball pythons
  10 endoplasms
  5 giant cockroaches
  14 goblins
  9 hobgoblins
  3 quokkas
  6 bats
  4 frilled lizards
  6 kobolds
  5 rats
101 creatures vanquished.

Notes
Turn   | Place    | Note
-------+----------+-------------------------------------------
     0 | D:1      | Griffin23 the Minotaur Fighter began the quest for the Orb.
     0 | D:1      | Reached XP level 1. HP: 19/19 MP: 0/0
   146 | D:1      | Reached XP level 2. HP: 27/27 MP: 1/1
   209 | D:1      | Reached skill level 3 in Long Blades
   473 | D:2      | Found a faded altar of an unknown god.
   485 | D:2      | Reached XP level 3. HP: 33/33 MP: 2/2
   726 | D:2      | Reached XP level 4. HP: 40/40 MP: 3/3
   866 | D:2      | Found Guxulloc's Book Boutique.
   901 | D:2      | Reached skill level 4 in Long Blades
  1351 | D:3      | Noticed an ogre
  1386 | D:3      | Found a shimmering altar of Xom.
  1451 | D:3      | Killed an ogre
  1452 | D:3      | Reached XP level 5. HP: 16/47 MP: 4/4
  1611 | D:3      | Found Sizxapem's Weapon Shoppe.
  2167 | D:3      | Reached skill level 5 in Long Blades
  2506 | D:4      | Found Tizxee's Book Shoppe.
  2506 | D:4      | Noticed a black bear
  2507 | D:4      | Found Ebygoz's Weapon Shop.
  2518 | D:4      | Killed a black bear
  2519 | D:4      | Reached skill level 5 in Fighting
  2519 | D:4      | Reached skill level 5 in Armour
  2519 | D:4      | Reached XP level 6. HP: 27/56 MP: 5/5
  2629 | D:4      | Reached skill level 5 in Shields
  2834 | D:4      | Identified the +2 ring mail of Sunee {Rampage rPois rN+
                  | Dex+3}
  2880 | D:4      | Found a staircase to the Ecumenical Temple.
  2893 | Temple   | Entered the Ecumenical Temple
  2914 | Temple   | Became a worshipper of Nemelex Xobeh the Trickster
  2966 | D:5      | Entered Level 5 of the Dungeon
  2976 | D:4      | Found a basalt altar of Yredelemnul.
  3116 | D:4      | You fall into a shaft and drop 1 floor!
  3122 | D:5      | Noticed Menkaure
  3131 | D:5      | Killed Menkaure
  3132 | D:5      | Reached skill level 6 in Long Blades
  3132 | D:5      | Reached XP level 7. HP: 33/61 MP: 6/6
  3148 | D:5      | HP: 3/61 [ogre/+0 giant spiked club (24)]
  3150 | D:5      | Slain by an ogre

Illustrated notes

Levels and vault maps discovered:
D:1:      dpeg_arrival_windows_large_door, layout_rooms
D:2:      minmay_skewed_foursquare, layout_loops_ring,
          chequers_ecumenical_altar_lobes, serial_shops, shop
D:3:      layout_loops_corners, mainiacjoe_overflow_concentric_impassable,
          serial_shops, nicolae_shop_tiny_glass
D:4:      layout_rooms, kennysheep_mini_moat, mainiacjoe_overflow_brackets,
          minmay_temple_entry_slanted, nicolae_wooded_promenade,
          minmay_starry_boxes, uniq_crazy_yiuf_cottage
D:5:      layout_cave_pools, lemuel_tele_altar, serial_bayou_lagoon_b,
          uniq_edmund, uniq_blork_the_orc, uniq_ijyb, uniq_menkaure
Temple:   hc_temple_tempest_star

Skill      XL: |  1  2  3  4  5  6 |
---------------+-------------------+-----
Long Blades    | 3 4 5 6 |  6.4
Shields        | 4 5 |  5.5
Armour         | 4 5 |  5.6
Fighting       | 4 5 |  5.6

Action                     |  1- 3 |  4- 6 |  7- 9 || total
---------------------------+-------+-------+-------++-------
  Melee: Long sword        |    82 |   144 |     9 ||   235
         Headbutt          |    12 |    38 |       ||    50
  Throw: Stone             |       |     2 |       ||     2
  Evoke: Wand              |       |     3 |     1 ||     4
    Use: Potion            |       |       |     1 ||     1
 Armour: Scale mail        |    59 |       |       ||    59
         Chain mail        |     7 |   114 |     9 ||   130
  Dodge: Dodged            |    46 |    47 |     2 ||    95
  Block: Buckler           |    27 |    34 |     2 ||    63

Table legend: (Time is in decaauts)
 A = Elapsed time spent in this place.
 B = Non-inter-level travel time spent in this place.
 C = Inter-level travel time spent in this place.
 D = Time resting spent in this place.
 E = Time spent auto-exploring this place.
 F = Levels seen in this place.
 G = Mean time per level.
                   A        B        C        D        E       F      G
               +--------+--------+--------+--------+--------+-----+--------+
         Total |   3198 |   2912 |    286 |      0 |   2207 |   6 |  533.0 |
       Dungeon |   3158 |   2910 |    248 |      0 |   2207 |   5 |  631.6 |
        Temple |     39 |      1 |     38 |      0 |      0 |   1 |   39.0 |
               +--------+--------+--------+--------+--------+-----+--------+

Top non-repeatable levels by time:
     D:3: 1217 daAuts
     D:2: 928 daAuts
     D:4: 587 daAuts
     D:1: 390 daAuts
  Temple: 39 daAuts
     D:5: 36 daAuts
